 Dungeon Crawl Stone Soup version 0.28.0-53-g5a82cb258f (webtiles) character file.

Game seed: 7692490166406453895

22 mcbry74 the Insei (level 2, -1/21 HPs)
             Began as a Merfolk Transmuter on July 5, 2022.
             Slain by an adder (5 damage)
             ... on level 2 of the Dungeon.
             The game lasted 00:03:03 (1908 turns).

mcbry74 the Insei (Merfolk Transmuter)              Turns: 1908, Time: 00:03:04

Health: -1/21      AC:  2    Str: 10    XL:     2   Next: 91%
Magic:  5/5        EV: 15    Int: 12    God:
Gold:   59         SH:  0    Dex: 14    Spells: 4/5 levels left

rFire   . . .      SeeInvis .     - Unarmed
rCold   . . .      Faith    .   (no shield)
rNeg    . . .      Spirit   .   a - +0 robe
rPois   .          Reflect  .   (helmet currently unavailable)
rElec   .          Harm     .   (no cloak)
rCorr   .          Rampage  .   (no gloves)
Will    .....                   (boots currently unavailable)
Stlth   ++........              (no amulet)
HPRegen 0.07/turn               (no ring)
MPRegen 0.09/turn               (no ring)

@: appendages (expiring), very quick
A: horns 2, nimble swimmer 2, mertail
a: End Transformation


You were on level 2 of the Dungeon.
You had temporarily grown beastly horns.
You visited 1 branch of the dungeon, and saw 2 of its levels.

You collected 59 gold pieces.

Inventory:

Armour
 a - a +0 robe (worn)
 b - a +0 buckler
Scrolls
 c - a scroll of noise {unknown}
 h - a scroll of fog {unknown}
Potions
 d - a potion of might {unknown}
 e - a potion of lignification {unknown}
 f - 2 potions of heal wounds {unknown}
 g - a potion of curing {unknown}
 i - a potion of resistance {unknown}


   Skills:
 - Level 1.1 Fighting
 - Level 2.6 Dodging
 + Level 4.4 Unarmed Combat
 - Level 2.0 Spellcasting
 - Level 2.6 Transmutations


You had 4 spell levels left.
You knew the following spells:

 Your Spells              Type           Power      Damage    Failure   Level
a - Beastly Appendage     Tmut           14%        N/A       9%          1

Your spell library contained the following spells:

 Spells                   Type           Power      Damage    Failure   Level
 Wereblood                Tmut           7%         N/A       14%         2
 Spider Form              Tmut/Pois      4%         N/A       43%         3
 Ice Form                 Ice/Tmut       4%         N/A       83%         4


Dungeon Overview and Level Annotations

Branches:
Dungeon (2/15)

Altars:


Innate Abilities, Weirdness & Mutations

You have temporarily grown beastly horns.
You are very nimble when in or above water. (Stealth+, EV+, Speed+++)
Your lower body shifts to a powerful aquatic tail in water.


Message History

The adder closely misses you. The adder bites you.
You miss the adder.
The adder is heavily wounded.
Your transformation is almost over.
The adder barely misses you.
You miss the adder.
You headbutt the adder, but do no damage.
The adder is heavily wounded.
The adder bites you.
You hit the adder but do no damage. Your headbutt misses the adder.
The adder is heavily wounded.
The adder misses you.
You completely miss the adder.
Your tail-slap misses the adder.
The adder is heavily wounded.
The adder closely misses you.
You barely miss the adder.
The adder is heavily wounded.
The adder bites you.
You are poisoned.
The adder poisons you!
You closely miss the adder. Your headbutt misses the adder.
The adder is heavily wounded.
You feel sick. The adder closely misses you. x2
You barely miss the adder.
The adder is heavily wounded.
You feel sick. The adder misses you.
You barely miss the adder. Your headbutt misses the adder.
The adder is heavily wounded.
You feel sick. The adder misses you.
You barely miss the adder.
Your tail-slap misses the adder.
The adder is heavily wounded.
You feel sick.
You are no longer poisoned.
The adder misses you.
You closely miss the adder.
The adder is heavily wounded.
The adder bites you.
* * * LOW HITPOINT WARNING * * *
The adder bites you.
You die...

#......≈.≈≈...
......≈...≈.≈. #...#
....≈≈≈≈≈≈≈≈≈ ###...#
....≈≈≈≈≈≈≈≈ #.....#
..≈.≈≈≈≈≈≈≈ ##.....#
..≈≈≈≈.≈≈≈
#......###+##≈.≈≈≈._≈≈
#......#.......≈≈≈♣.♣≈
#......#......@S≈≈≈≈≈≈
#......#......≈≈≈≈≈≈≈≈
#.....##.....≈≈≈≈r≈≈≈≈
#..
#.....##..........≈≈..
..##..
###.....##..........≈..≈
≈≈..##..
..)...)..'..............
.......
###.....##.........#..?.
...##..
########..............
...##.. . ########......
#......


You could see an adder and a rat.

Vanquished Creatures
  4 endoplasms
  A giant cockroach (D:1)
  3 goblins
  3 hobgoblins (D:1)
  2 quokkas (D:1)
  2 bats (D:1)
  2 frilled lizards (D:1)
  A rat (D:1)
18 creatures vanquished.

Notes
Turn   | Place    | Note
-------+----------+-------------------------------------------
     0 | D:1      | mcbry74 the Merfolk Transmuter began the quest for the Orb.
     0 | D:1      | Reached XP level 1. HP: 15/15 MP: 3/3
   116 | D:1      | You fall into a shaft and drop 1 floor!
   651 | D:1      | Reached XP level 2. HP: 21/21 MP: 3/5
   719 | D:1      | Reached skill level 4 in Unarmed Combat
  1891 | D:2      | Found a faded altar of an unknown god.
  1908 | D:2      | Slain by an adder

Illustrated notes

Levels and vault maps discovered:
D:1:      lightli_arrival_chessboard, layout_basic
D:2:      layout_basic, chequers_ecumenical_altar_island

Skill      XL: |  1  2 |
---------------+-------+-----
Unarmed Combat | 4 |  4.4
Fighting       | |  1.1
Dodging        | |  2.6
Spellcasting   | |  2.0
Transmutations | |  2.6

Action                   || total
-------------------------++-------
Melee: Unarmed           ||    68
       Headbutt          ||     7
       Punch             ||     1
 Cast: Beastly Appendage ||    13
Armor: Robe              ||     7
Dodge: Dodged            ||    39
